 Dungeon Crawl Stone Soup version 0.20.1-1-g8b1a95d (webtiles) character file.

243 Misiek the Insei (level 5, -2/38 HPs)
             Began as a Demonspawn Transmuter on Oct 26, 2017.
             Killed by divine providence
             ... invoked by an orc priest
              (11 damage)
             ... on level 4 of the Dungeon.
             The game lasted 00:16:58 (3386 turns).

Misiek the Insei (Demonspawn Transmuter)            Turns: 3386, Time: 00:16:58

Health: -2/38      AC:  6    Str: 11    XL:     5   Next: 82%
Magic:  8/8        EV: 11    Int: 15    God:
Gold:   117        SH:  3    Dex: 13    Spells: 5/8 levels left

rFire    . . .     SeeInvis .   y - +4 whip
rCold    + . .     Gourm    .   e - +0 buckler
rNeg     . . .     Faith    .   f - +0 leather armour
rPois    .         Spirit   .   (helmet restricted)
rElec    .         Reflect  .   A - +0 cloak
rCorr    .         Harm     .   (no gloves)
MR       .....                  (no boots)
Stlth    +.........             (no amulet)
Regen    0.2/turn               t - +6 ring of slaying
MPRegen  0.2/turn               B - ring of protection from cold

@: no status effects
A: antennae 1, iridescent scales 1, spiny 2
a: no special abilities


You were on level 4 of the Dungeon.
You were not hungry.

You visited 1 branch of the dungeon, and saw 4 of its levels.

You collected 117 gold pieces.

Inventory:

Hand Weapons
 p - a +2 quarterstaff of chaos
 y - a +4 whip (weapon)
Missiles
 a - 87 arrows
 s - 15 bolts
 u - 131 stones (quivered)
 x - 16 poisoned needles
Armour
 e - a +0 buckler (worn)
 f - a +0 leather armour (worn)
 A - a +0 cloak (worn)
Jewellery
 t - a +6 ring of slaying (left hand)
 w - an uncursed ring of magical power
 B - a ring of protection from cold (right hand)
 D - an uncursed ring of magical power
Scrolls
 g - 3 scrolls of identify
 l - 2 scrolls of noise
 E - a scroll of fear {unknown}
 F - a scroll of remove curse
Potions
 i - 2 potions of lignification
 j - a potion of curing
 k - 2 potions of degeneration {unknown}
 m - a potion of brilliance {unknown}
 o - a potion of might {unknown}
 q - 2 potions of magic {unknown}
 r - 2 potions of haste
 v - a potion of berserk rage {unknown}
 z - a potion of flight {unknown}
 C - a potion of ambrosia {unknown}
Books
 c - a book of Changes

   Spells                             Type                      Level
   a - Beastly Appendage              Transmutation                1
   b - Sticks to Snakes               Transmutation                2
   c - Spider Form                    Transmutation/Poison         3
   d - Ice Form                       Ice/Transmutation            4
   e - Blade Hands                    Transmutation                5
Comestibles
 b - 6 fruits
 d - 3 bread rations
 h - 2 royal jellies


   Skills:
 + Level 2.2 Fighting
   Level 2.0 Short Blades
 + Level 0.5 Maces & Flails
 + Level 0.5 Throwing
 + Level 2.5 Armour
 + Level 2.3 Dodging
 + Level 0.2 Stealth
 + Level 0.5 Shields
 + Level 3.1 Unarmed Combat
 + Level 2.3 Spellcasting
 + Level 2.0 Transmutations


You had 5 spell levels left.
You knew the following spells:

 Your Spells              Type           Power        Failure   Level  Hunger
a - Beastly Appendage     Tmut           #.....       19%         1    #......
b - Sticks to Snakes      Tmut           #.......     28%         2    ###....


Dungeon Overview and Level Annotations

Branches:
Dungeon (4/15)
 Temple: D:4-7

Altars:


Innate Abilities, Weirdness & Mutations

You have a pair of small antennae on your head.
You are partially covered in iridescent scales. (AC +2)
You are mostly covered in sharp spines.


Message History

A centaur skeleton comes into view.
The orc wizard mumbles some strange words.
The orc wizard blinks!
The orc wizard casts a spell.
The orc wizard seems to speed up.
The orc priest looks braver for a moment.
The orc wizard gestures wildly while chanting.
The orc wizard blinks!
The orc wizard closely misses you.
The orc wizard is struck by your spines.
The orc wizard barely misses you.
You whack the orc wizard!
The orc wizard is almost dead.
The orc wizard is struck by your spines.
You kill the orc wizard!
Things that are here:
a dagger; a robe The orc priest invokes the aid of Beogh against you.
Beogh smites you!
You die...

#.# ## #.# #.#
######### # #<#
#.)..o..# # #.#
#o#####.### #.# #.#
#.... #.###### #.#
#####
#......##########o#
#
######....@....o..#
# ##############


You could see an orc priest and an orc.

Vanquished Creatures
  An orc priest (D:3)
  Crazy Yiuf (D:3)
  An orc wizard (D:4)
  Terence (D:3)
  Robin (D:2)
  3 adders
  2 worms
  2 dart slugs
  A leopard gecko (D:2)
  5 orcs
  3 giant cockroaches
  13 goblins
  8 hobgoblins
  6 jackals
  2 quokkas (D:3)
  2 ball pythons
  5 bats
  6 frilled lizards
  4 kobolds
  12 rats
79 creatures vanquished.

Notes
Turn   | Place    | Note
-------+----------+-------------------------------------------
     0 | D:1      | Misiek the Demonspawn Transmuter began the quest for the Orb.
     0 | D:1      | Reached XP level 1. HP: 15/15 MP: 3/3
   415 | D:1      | Gained mutation: You have a pair of small antennae on your head. [demonic ancestry]
   415 | D:1      | Reached XP level 2. HP: 21/21 MP: 5/5
   511 | D:1      | Reached skill level 3 in Unarmed Combat
  1417 | D:2      | Gained mutation: You are partially covered in sharp spines. [demonic ancestry]
  1417 | D:2      | Reached XP level 3. HP: 18/26 MP: 6/6
  1558 | D:2      | Noticed Robin
  1577 | D:2      | Killed Robin
  1577 | D:2      | Reached skill level 1 in Armour
  1687 | D:2      | Reached skill level 1 in Short Blades
  1722 | D:2      | Gained mutation: You are partially covered in iridescent scales. (AC +2) [demonic ancestry]
  1722 | D:2      | Reached XP level 4. HP: 32/32 MP: 7/7
  2564 | D:3      | Noticed Terence
  2592 | D:3      | Killed Terence
  2592 | D:3      | Gained mutation: You are mostly covered in sharp spines. [demonic ancestry]
  2592 | D:3      | Reached XP level 5. HP: 19/37 MP: 8/8
  2812 | D:3      | Found a runed door.
  2816 | D:3      | Noticed Crazy Yiuf
  2821 | D:3      | Killed Crazy Yiuf
  3235 | D:2      | Learned a level 2 spell: Sticks to Snakes
  3386 | D:4      | Killed from afar by an orc priest

Skill      XL: |  1  2  3  4  5 |
---------------+----------------+-----
Unarmed Combat | 3 |  3.1
Dodging        | 2 |  2.3
Armour         | 1 2 |  2.5
Transmutations | 2 |  2.0
Short Blades   | 1 2 |  2.0
Fighting       | 2 |  2.2
Maces & Flails | |  0.5
Throwing       | |  0.5
Stealth        | |  0.2
Shields        | |  0.5
Spellcasting   | |  2.3

Action                   |  1- 3 |  4- 6 || total
-------------------------+-------+-------++-------
Melee: Unarmed           |    14 |       ||    14
       Kick              |     2 |     1 ||     3
       Short sword       |    90 |    52 ||   142
       Whip              |       |    34 ||    34
Throw: Stone             |     1 |     8 ||     9
 Cast: Beastly Appendage |     5 |     1 ||     6
  Use: Scroll            |     3 |     5 ||     8
       Potion            |       |     3 ||     3
  Eat: Chunk             |     3 |     5 ||     8
Armor: Ring mail         |    31 |    17 ||    48
Dodge: Dodged            |    47 |    24 ||    71
Block: Buckler           |       |    13 ||    13
